Map: Catalyst LE

Players

Reynor

  • Race: Zerg Zerg
  • Spawn Location: 11:00

Maru - Winner!

  • Race: Terran Terran
  • Spawn Location: 5:00

Event: WESG 2017 Haikou

VOD

Have the link to the VOD?

Description

Time

  • Played on: March 16, 2018, 11:14 p.m.
  • Length: 17:55

All games in this series

Show
View Real Time Build Order
Export as new Build Order

Reynor Zerg 

Build Orders: Pool First 

Get SALT Encoding   

  12  0:00  Drone  
  13  0:12  Overlord  
  13  0:17  Drone  
  14  0:30  Drone  
  14  0:31  Drone  
  16  0:36  Drone  
  17  0:45  Spawning Pool  
  17  0:48  Drone  
  17  1:10  Hatchery  
  16  1:12  Drone  
  16  1:17  Drone  
  18  1:31  Extractor  
  18  1:32  Zergling x4  
  19  1:33  Queen  
  19  1:38  Zergling x2  
  22  1:49  Overlord  
  22  2:07  Drone  
  23  2:09  Queen  
  23  2:10  Drone  
  26  2:23  Drone x2  
  26  2:29  Queen  
  30  2:31  Metabolic Boost  
  30  2:32  Drone  
  30  2:34  Drone  
  31  2:43  Drone x2  
  32  2:45  Drone  
  32  2:47  Drone  
  33  3:03  Hatchery  
  32  3:07  Overlord  
  32  3:10  Zergling x4  
  34  3:14  Drone  
  35  3:22  Overlord  
  35  3:26  Zergling x8  
  39  3:33  Drone x2  
  41  3:37  Queen  
  43  3:41  Drone x2  
  43  3:43  Drone  
  43  3:44  Drone  
  47  3:49  Zergling x2  
  47  3:51  Zergling x2  
  47  3:53  Drone x2  
  51  4:02  Overlord  
  51  4:08  Overlord  
  51  4:14  Queen  
  53  4:18  Overlord  
  53  4:21  Drone x4  
  57  4:26  Queen  
  57  4:29  Drone x5  
  64  4:32  Drone  
  64  4:36  Overlord  
  65  4:42  Overlord  
  65  4:46  Overlord  
  65  4:49  Evolution Chamber  
  65  4:51  Drone  
  65  4:52  Drone, Evolution Chamber  
  65  4:55  Zergling x4  
  65  4:56  Spore Crawler  
  65  4:57  Drone  
  65  4:58  Zergling x2  
  68  5:02  Zergling x4  
  70  5:08  Zergling x2  
  70  5:10  Queen  
  70  5:12  Zergling x8  
  77  5:18  Overlord  
  76  5:25  Zergling x2  
  76  5:26  Zergling x2  
  71  5:29  Queen  
  71  5:30  Drone x2  
  69  5:35  Drone x2  
  69  5:36  Drone x5  
  69  5:38  Zerg Ground Armor Level 1, Drone  
  69  5:41  Zerg Melee Weapons Level 1  
  77  5:44  Drone  
  77  5:47  Drone  
  77  5:48  Drone  
  80  5:50  Extractor, Spore Crawler, Queen  
  80  5:52  Extractor  
  80  5:54  Lair  
  79  5:58  Zergling x4  
  79  5:59  Drone  
  76  6:05  Drone  
  76  6:06  Extractor  
  76  6:09  Drone  
  78  6:11  Drone, Extractor  
  78  6:16  Drone  
  78  6:20  Drone x2  
  78  6:21  Hatchery, Zergling x4  
  78  6:23  Baneling Nest, Drone  
  78  6:24  Spore Crawler  
  78  6:25  Drone x2  
  81  6:26  Drone  
  81  6:30  Zergling x2  
  81  6:32  Overlord  
  84  6:33  Drone  
  84  6:36  Drone  
  84  6:44  Overlord  
  82  6:47  Drone x3  
  82  6:49  Drone  
  82  6:53  Drone x3  
  89  6:56  Hydralisk Den  
  89  6:57  Zergling x8  
  89  6:58  Drone  
  89  6:59  Drone  
  94  7:03  Extractor, Drone  
  94  7:05  Overseer  
  94  7:08  Overlord  
  94  7:09  Zergling x2  
  94  7:14  Zergling x2  
  96  7:18  Zergling x2  
  96  7:19  Baneling  
  96  7:20  Drone, Baneling  
  98  7:23  Zergling x6  
  98  7:25  Muscular Augments  
  98  7:28  Hydralisk x2, Infestation Pit  
  98  7:29  Overlord  
  104  7:31  Hydralisk x3  
  104  7:34  Hydralisk  
  111  7:38  Hydralisk  
  111  7:43  Drone  
  112  7:44  Hydralisk  
  112  7:45  Hydralisk  
  112  7:49  Drone, Queen  
  112  7:50  Drone x2  
  119  7:52  Hydralisk x3  
  119  7:55  Drone  
  126  7:59  Overlord  
  126  8:06  Overlord  
  126  8:09  Drone x3  
  126  8:10  Hydralisk x3  
  134  8:13  Drone x2  
  134  8:16  Overlord  
  134  8:18  Extractor  
  134  8:19  Drone x2  
  136  8:23  Extractor, Hive  
  135  8:27  Spire  
  135  8:34  Hydralisk x4  
  133  8:38  Zergling x6  
  133  8:39  Zergling x2  
  145  8:44  Hydralisk, Overlord  
  145  8:45  Zergling x4  
  149  8:50  Overlord  
  149  8:55  Grooved Spines  
  149  8:57  Zergling x10  
  149  8:58  Zergling x2  
  149  9:00  Overlord  
  155  9:03  Drone x2  
  155  9:08  Hydralisk x2, Zergling x4  
  158  9:12  Drone x3  
  158  9:14  Hydralisk  
  158  9:15  Zergling x2  
  164  9:17  Overlord  
  164  9:21  Drone x2  
  164  9:25  Pneumatized Carapace  
  164  9:29  Hydralisk x2  
  164  9:30  Zergling x6  
  171  9:31  Drone  
  171  9:32  Drone  
  171  9:38  Zerg Missile Weapons Level 1  
  169  9:57  Spine Crawler, Greater Spire  
  169  9:58  Spine Crawler  
  169  9:59  Mutalisk x6  
  173  10:00  Hydralisk  
  173  10:01  Hydralisk x2, Zergling x2  
  173  10:02  Zergling x2  
  173  10:03  Overlord  
  187  10:16  Hydralisk x2  
  191  10:27  Hatchery  
  188  10:30  Hydralisk x3  
  189  10:36  Baneling x5  
  189  10:42  Hydralisk x4  
  183  10:45  Overlord  
  165  10:55  Corruptor x3  
  165  10:56  Corruptor x2  
  175  10:58  Zergling x4  
  163  11:05  Hydralisk  
  163  11:09  Hydralisk  
  162  11:16  Hydralisk  
  150  11:21  Burrow  
  150  11:25  Zergling x2  
  137  11:32  Zergling x8  
  139  11:38  Brood Lord x2  
  137  11:40  Zergling x4  
  137  11:46  Hatchery  
  138  11:48  Brood Lord  
  138  11:51  Zergling x4  
  142  12:01  Brood Lord  
  139  12:07  Hatchery  
  125  12:10  Brood Lord  
  126  12:18  Hydralisk  
  126  12:19  Hydralisk  
  126  12:20  Zergling x4  
  126  12:21  Zergling x4  
  134  12:37  Corruptor x2  
  134  12:39  Spore Crawler  
  127  12:59  Hydralisk x2  
  127  13:00  Hydralisk, Zergling x4  
  127  13:01  Zergling x4  
  127  13:03  Hydralisk  
  136  13:09  Hydralisk  
  138  13:14  Zergling x2  
  138  13:18  Brood Lord  
  141  13:32  Hatchery  
  140  13:40  Brood Lord  
  140  13:44  Viper  
  139  14:00  Drone x3  
  136  14:04  Viper  
  139  14:13  Queen x2  
  139  14:14  Hydralisk x3  
  151  14:17  Zergling x4  
  151  14:24  Drone x2  
  151  14:25  Drone  
  151  14:30  Hydralisk x2  
  141  14:54  Hydralisk x3  
  141  14:55  Hydralisk x3  
  136  15:16  Hydralisk x3  
  136  15:17  Hydralisk x2  
  136  15:18  Hydralisk x2  
  136  15:19  Queen x2  
  149  15:22  Hydralisk  
  137  15:28  Hydralisk x2  
  137  15:33  Hydralisk  
  137  15:34  Queen  
  137  15:41  Viper  
  139  15:42  Drone  
  139  15:43  Drone x4  
  139  15:45  Extractor  
  139  15:46  Extractor, Queen  
  139  15:47  Extractor  
  142  15:54  Viper  
  142  15:56  Queen  
  147  15:57  Zergling x6  
  147  16:01  Drone x2  
  147  16:03  Corruptor  
  148  16:13  Corruptor  
  150  16:20  Spine Crawler  
  150  16:22  Viper  
  150  16:25  Queen  
  129  16:41  Drone x3  
  129  16:42  Drone x3, Corruptor  
  137  16:47  Brood Lord  
  139  16:56  Brood Lord  
  135  17:10  Corruptor  
  137  17:15  Corruptor  
Show
View Real Time Build Order
Export as new Build Order

Maru Terran - Winner!

Build Orders: Gas First Reaper Expand, Reaper Expand, Hellion Banshee, Mech 

Get SALT Encoding   

  12  0:00  SCV  
  13  0:12  SCV  
  14  0:17  Supply Depot  
  14  0:25  SCV  
  15  0:28  Refinery  
  15  0:38  SCV  
  16  0:45  Barracks  
  16  0:50  SCV  
  17  1:02  SCV  
  18  1:15  SCV  
  19  1:32  Orbital Command, Reaper  
  20  1:43  Command Center  
  20  1:53  Factory  
  20  1:58  SCV  
  21  2:03  Refinery  
  21  2:07  Barracks Reactor  
  21  2:10  SCV  
  22  2:15  Supply Depot  
  22  2:22  SCV  
  23  2:37  SCV  
  24  2:44  Starport  
  24  2:49  SCV  
  25  2:54  Hellion  
  25  2:55  Hellion  
  25  2:56  Barracks Tech Lab  
  28  3:01  SCV  
  29  3:09  Orbital Command  
  29  3:13  SCV  
  29  3:16  Hellion x2  
  34  3:26  Viking  
  36  3:27  SCV  
  36  3:33  Supply Depot  
  37  3:35  SCV  
  37  3:39  SCV  
  37  3:40  Hellion  
  41  3:44  Cloaking Field  
  41  3:48  Hellion  
  43  3:50  SCV  
  43  3:52  SCV  
  45  3:59  Banshee  
  45  4:00  Supply Depot  
  48  4:08  SCV x2  
  50  4:14  Supply Depot  
  50  4:19  Cyclone  
  50  4:21  SCV  
  50  4:22  Cyclone  
  57  4:25  SCV  
  58  4:33  SCV  
  58  4:37  SCV, Armory  
  60  4:48  SCV  
  60  4:52  Hellion  
  63  4:53  Command Center  
  63  4:54  Hellion  
  63  4:57  Banshee  
  68  5:01  Supply Depot  
  68  5:02  SCV  
  69  5:08  SCV  
  69  5:10  Refinery  
  69  5:12  Refinery  
  70  5:22  SCV x2  
  70  5:34  SCV x2  
  65  5:35  Hellion x2  
  62  5:46  SCV x2  
  62  5:49  Factory  
  60  5:50  Barracks Tech Lab  
  60  5:53  Terran Vehicle Weapons Level 1  
  60  5:54  Factory  
  60  5:57  Starport Tech Lab  
  60  5:58  SCV x2  
  60  6:02  Hellion x2  
  66  6:06  SCV, Armory  
  66  6:11  SCV  
  68  6:18  Orbital Command  
  68  6:20  SCV  
  68  6:23  Raven, Hellion x2  
  76  6:25  SCV  
  76  6:30  Refinery  
  76  6:32  SCV, Refinery  
  77  6:39  SCV  
  76  6:46  SCV  
  77  6:49  Orbital Command  
  77  6:51  Siege Tank x2  
  77  6:52  Hellion  
  85  6:56  Terran Vehicle And Ship Armor Level 1  
  85  6:59  Supply Depot  
  85  7:02  SCV  
  85  7:03  SCV, Command Center  
  87  7:14  SCV, Factory  
  87  7:15  SCV x2  
  90  7:16  Factory  
  91  7:22  Hellion  
  91  7:23  Hellion  
  91  7:26  SCV  
  91  7:27  SCV x2  
  94  7:38  SCV  
  94  7:39  SCV x2  
  94  7:42  Siege Tank  
  100  7:45  Command Center  
  100  7:47  Supply Depot x3  
  100  7:48  Terran Vehicle Weapons Level 2  
  100  7:51  SCV x2, Hellion, Barracks Reactor  
  107  7:53  SCV  
  108  7:58  Supply Depot  
  108  7:59  Supply Depot  
  108  8:03  SCV x2  
  108  8:05  SCV  
  109  8:13  Siege Tank, Hellion  
  109  8:14  Hellion  
  109  8:15  SCV, Thor  
  109  8:17  Thor, Command Center  
  109  8:19  SCV  
  127  8:21  Starport Reactor  
  127  8:27  Infernal Pre-Igniter  
  127  8:41  SCV x2, Hellion x2  
  131  8:45  Siege Tank  
  131  8:46  Supply Depot  
  131  8:47  Supply Depot  
  136  8:48  Supply Depot  
  136  8:53  Terran Vehicle And Ship Armor Level 2  
  136  8:59  Siege Tank  
  136  9:00  Hellion x2  
  137  9:10  Siege Tank, Hellion  
  137  9:12  Hellion, Viking  
  137  9:14  Viking  
  146  9:17  Siege Tank  
  146  9:20  Refinery x2  
  149  9:26  Starport  
  149  9:27  Hellion x2  
  149  9:31  Engineering Bay  
  153  9:34  Hellion x2  
  153  9:38  SCV x3  
  160  9:46  Siege Tank  
  160  9:47  Hellion  
  160  9:50  SCV  
  160  9:52  Medivac x2  
  170  9:53  Hellion  
  170  9:54  Hellion  
  170  9:55  SCV  
  170  9:56  Planetary Fortress  
  175  10:04  Supply Depot  
  175  10:06  Starport Reactor  
  175  10:07  Starport  
  175  10:12  Terran Vehicle Weapons Level 3  
  175  10:20  Siege Tank x2  
  175  10:21  Hellion x2  
  184  10:31  Thor  
  190  10:41  Command Center  
  180  10:47  Hellion  
  180  10:52  Siege Tank, Thor  
  180  10:55  Missile Turret x2  
  170  11:04  Hellion x2  
  170  11:09  SCV x2  
  161  11:14  Thor  
  142  11:19  SCV x2  
  134  11:28  Viking  
  134  11:34  SCV x2  
  134  11:38  Viking  
  134  11:39  SCV x2  
  137  11:49  Missile Turret  
  137  11:51  SCV x3  
  137  12:02  Siege Tank, Hellion  
  142  12:11  Viking x2  
  146  12:21  Viking  
  148  12:25  Terran Vehicle And Ship Armor Level 3  
  148  12:28  SCV x4  
  152  12:32  Missile Turret  
  149  12:40  Viking  
  149  12:43  Hellion  
  152  12:50  Viking  
  143  13:02  Viking x2  
  143  13:03  SCV x2  
  131  13:15  SCV  
  131  13:16  SCV x3  
  136  13:20  Viking  
  136  13:25  Planetary Fortress  
  138  13:28  SCV x2  
  139  13:36  Siege Tank  
  139  13:37  Siege Tank x2  
  139  13:38  Hellion x2  
  150  13:42  Missile Turret  
  150  13:43  SCV  
  150  13:44  SCV  
  150  13:45  SCV  
  150  13:46  SCV  
  152  13:59  SCV  
  152  14:00  SCV  
  154  14:08  Siege Tank  
  154  14:09  Siege Tank, Viking x2  
  164  14:16  Hellion x3  
  170  14:19  Viking  
  172  14:35  Viking  
  172  14:37  Hellion x2  
  175  14:41  Hellion x2  
  176  14:47  Viking  
  162  14:56  Siege Tank  
  162  14:57  Hellion  
  150  15:03  Viking x2  
  150  15:04  Terran Ship Weapons Level 1  
  150  15:05  Viking  
  134  15:17  Viking  
  134  15:19  Siege Tank  
  134  15:20  Hellion x2  
  119  15:33  Siege Tank x2, Viking x2  
  111  15:35  Viking  
  111  15:39  Hellion  
  111  15:42  SCV x2  
  112  15:47  Viking  
  114  15:51  Siege Tank  
  117  16:00  Hellion  
  115  16:04  Medivac  
  115  16:05  Siege Tank, Medivac  
  115  16:06  Hellion x3  
  115  16:07  Medivac  
  130  16:21  Siege Tank  
  130  16:22  Hellion  
  130  16:24  Hellion  
  137  16:27  Hellion x2  
  137  16:30  Hellion  
  139  16:42  Hellion, Medivac x3  
  139  16:43  Hellion  
  139  16:45  Hellion  
  147  16:49  Hellion x2  
  151  16:54  Siege Tank  
  151  16:55  Hellion  
  156  17:03  Siege Tank  
  159  17:13  Hellion x4  
  167  17:24  Hellion  
Tags
 
Add a new tag
Caveats
  • Supply blocks, unpowered buildings, or Contaminate may cause inaccurate times.
  • Supply counts are checked every 10 seconds.